 Dungeon Crawl Stone Soup version 0.29.1-1-gd02db69 (webtiles) character file.

Game seed: 11544018761092635066

40 Timinator the Insei (level 3, -2/42 HPs)
             Began as a Demigod Transmuter on Jan 15, 2023.
             Slain by an ogre
             ... wielding a +0 giant club
              (14 damage)
             ... on level 2 of the Dungeon.
             The game lasted 00:03:32 (1542 turns).

Timinator the Insei (Demigod Transmuter)            Turns: 1542, Time: 00:03:33

Health: -2/42      AC: 21    Str: 11    XL:     3   Next: 14%
Magic:  8/8        EV:  2    Int: 15    God:
Gold:   9          SH:  0    Dex: 18    Spells: 5/6 levels left

rFire   . . .      SeeInvis .     - Unarmed
rCold   . . .      Faith    .   (no shield)
rNeg    . . .      Spirit   .   (body armour currently unavailable)
rPois   +          Reflect  .   (helmet currently unavailable)
rElec   .          Harm     .   (cloak currently unavailable)
rCorr   .          Rampage  .   (gloves currently unavailable)
Will    .....      NoTele   +   (boots currently unavailable)
Stlth   ++........              (no amulet)
HPRegen 0.14/turn               (no ring)
MPRegen 0.11/turn               (no ring)

@: tree-form
A: stationary, stasis, torment immunity, boosted hp, high MP 1, forlorn, divine
attributes
a: no special abilities


You were on level 2 of the Dungeon.
You were a tree.
You visited 1 branch of the dungeon, and saw 2 of its levels.

You collected 93 gold pieces.
You spent 84 gold pieces at shops.

Inventory:

Armour
 a - a +0 robe (melded)
Jewellery
 c - a ring of protection from fire
Scrolls
 e - a scroll of fear {unknown}
 f - a scroll of immolation {unknown}
 g - a scroll of identify {unknown}
 h - a scroll of butterflies {unknown}
 n - a scroll of enchant weapon {unknown}
Potions
 d - a potion of brilliance {unknown}
 i - 2 potions of flight {unknown}
 j - 2 potions of curing
 k - a potion of invisibility {unknown}
 l - a potion of might
 m - a potion of magic {unknown}


   Skills:
 + Level 1.2 Fighting
 * Level 1.0 Armour
 + Level 2.0 Dodging
 * Level 3.2 Unarmed Combat
 + Level 2.0 Spellcasting
 + Level 2.0 Transmutations


You had 5 spell levels left.
You knew the following spells:

 Your Spells              Type           Power      Damage    Failure   Level
a - Beastly Appendage     Tmut           14%        N/A       10%         1

Your spell library contained the following spells:

 Spells                   Type           Power      Damage    Failure   Level
 Wereblood                Tmut           7%         N/A       14%         2
 Spider Form              Tmut/Pois      4%         N/A       41%         3
 Ice Form                 Ice/Tmut       4%         N/A       82%         4


Dungeon Overview and Level Annotations

Branches:
Dungeon (2/15)

Shops:
D:1 *


Innate Abilities, Weirdness & Mutations

You are a tree.
Your roots penetrate the ground, keeping you stationary.
You cannot be teleported.
You are immune to unholy pain and torment.
Your maximum health is greatly increased.
Your equipment is partially melded.
You have an increased reservoir of magic. (+10% MP)
You shall have no god before yourself.
Your divine heritage dramatically boosts your attributes as you level up.


Message History

You now have 9 gold pieces.
A dart slug comes into view.
You see here a scroll labelled GUC RUTZUFRUA.
You see here a scroll labelled GUC RUTZUFRUA.
n - a scroll labelled GUC RUTZUFRUA
Casting: Beastly Appendage (safe; 10% risk of failure)
Confirm with . or Enter, or press ? or * to list all spells.
You extend your transformation's duration.
You hit the dart slug. You headbutt the dart slug.
The dart slug is severely wounded.
The dart slug closely misses you.
You hit the dart slug. You claw the dart slug.
You kill the dart slug!
You see here a dart slug corpse.
A frilled lizard comes into view.
Found an amethyst potion.
Your transformation is almost over.
Found a book of Spatial Translocations.
The ogre shouts!
The frilled lizard hisses angrily.
The frilled lizard hisses.
You see here an amethyst potion.
You barely miss the frilled lizard. The frilled lizard closely misses you.
You hit the frilled lizard.
You kill the frilled lizard!
The ogre hits you with a +0 giant club!!
Ouch! That really hurt!
* * * LOW HITPOINT WARNING * * *
Really quaff the potion of lignification?
Your horns disappear.
Your talons disappear.
You turn into a tree.
Your +0 robe melds into your body.
Your roots penetrate the ground.
The ogre hits you but does no damage.
You hit the ogre.
The ogre is lightly wounded.
You smack the ogre!
The ogre is moderately wounded.
The ogre hits you but does no damage.
You hit the ogre.
The ogre is heavily wounded.
The ogre hits you with a +0 giant club!
You die...

.# ##.......##
....#.)....##
#........# ##
###.#....#
...##!..###†.#
#...#(#:#..##
.#.._..#..#
#.#O#....#
##.♣!##.......
#.###....####
... ..###
#...# ...#
#### ##.# #.#
.#


You could see an ogre.

Vanquished Creatures
  A gnoll (D:1)
  A dart slug (D:2)
  2 bats (D:1)
  2 endoplasms
  A giant cockroach (D:1)
  3 hobgoblins (D:1)
  2 jackals (D:1)
  4 kobolds
  3 ball pythons (D:1)
  A frilled lizard (D:2)
  4 goblins (D:1)
  4 rats (D:1)
28 creatures vanquished.

Notes
Turn   | Place    | Note
-------+----------+-------------------------------------------
     0 | D:1      | Timinator the Demigod Transmuter began the quest for the
                  | Orb.
     0 | D:1      | Reached XP level 1. HP: 15/15 MP: 5/5
   208 | D:1      | Reached skill level 1 in Fighting
   423 | D:1      | Reached XP level 2. HP: 14/23 MP: 7/7
   619 | D:1      | Reached skill level 3 in Unarmed Combat
  1116 | D:1      | Reached XP level 3. HP: 21/28 MP: 6/8
  1301 | D:1      | Found Teiniups's General Store.
  1309 | D:1      | Bought a potion of might for 48 gold pieces
  1309 | D:1      | Bought a potion of curing for 36 gold pieces
  1500 | D:2      | Reached skill level 1 in Armour
  1520 | D:2      | Noticed an ogre
  1542 | D:2      | Slain by an ogre

Illustrated notes

Levels and vault maps discovered:
D:1:      minmay_arrival_jagged, layout_basic, serial_shops, shop, minmay_tall_x
D:2:      layout_loops_corners, shapermc_ecumenical_altar_acropolis,
          minmay_hexomino_r4

Skill      XL: |  1  2  3 |
---------------+----------+-----
Fighting       | 1 |  1.2
Unarmed Combat | 3 |  3.2
Dodging        | 2 |  2.0
Spellcasting   | 2 |  2.0
Transmutations | 2 |  2.0
Armour         | 1 |  1.0

Action                   || total
-------------------------++-------
Melee: Unarmed           ||    62
       Headbutt          ||    11
       Kick              ||    12
       Punch             ||     1
 Cast: Beastly Appendage ||    17
  Use: Potion            ||     1
Armor: Robe              ||     7
       Skin              ||     2
Dodge: Dodged            ||    28
